 Dungeon Crawl Stone Soup version 0.30-a0-1085-g990a428a5c (webtiles) character file.

Game seed: 17958742315741791142

451 BubbleThief the Firebug (level 7, -1/62 HPs)
             Began as a Naga Cinder Acolyte on Apr 17, 2023.
             Was a High Priest of Ignis.
             Slain by a scorpion (4 damage)
             ... on level 5 of the Dungeon.
             The game lasted 00:05:24 (3386 turns).

BubbleThief the Firebug (Naga Cinder Acolyte)       Turns: 3386, Time: 00:05:25

Health: -1/62      AC:  3    Str: 16    XL:     7   Next: 4%
Magic:  15/31      EV:  9    Int: 16    God:    Ignis [*****.]
Gold:   108        SH:  0    Dex:  7    Spells: 9/15 levels left

rFire   + + .      SeeInvis +    a - -1 mace (flame)
rCold   x . .      Faith    +    (no shield)
rNeg    . . .      Spirit   .    b - +0 robe
rPois   +          Reflect  .    (no helmet)
rElec   .          Rampage  .    (no cloak)
rCorr   .                        (no gloves)
Will    .....                    (no barding)
Stlth   +                        l
                                   - Hermit's Pendant {Faith Invo=14 Evo=0 MP+5}
HPRegen 0.30/turn                j - ring of magical power
MPRegen 0.22/turn                n - ring of fire

@: very slow
A: AC +2, large, see invisible, deformed body, poison resistance, slowness 2,
spit poison 1, naga tail 1
a: Spit Poison, Renounce Religion, Fiery Armour, Foxfire Swarm, Rising Flame


You were on level 5 of the Dungeon.
You worshipped Ignis.
Ignis was extremely pleased with you.
You visited 1 branch of the dungeon, and saw 5 of its levels.

You collected 108 gold pieces.

Inventory:

Hand Weapons
 a - a -1 mace of flaming (weapon)
Armour
 b - a +0 robe (worn)
Jewellery
 j - a ring of magical power (left hand)
 l - the Hermit's Pendant (around neck) {Faith Invo=14 Evo=0 MP+5}
   (You found it on level 2 of the Dungeon)

   [amulet of faith]

   Invo=14: It sets your Invocations skill to 14.
   Evo=0: It sets your Evocations skill to 0.
   It allows you to gain divine favour quickly.
   MP:        It affects your magic capacity (+5).
 n - a ring of fire (right hand)
 s - a ring of resist corrosion
 x - a ring of protection from cold
Scrolls
 c - 7 scrolls of identify {unknown}
 d - a scroll of summoning {unknown}
 e - a scroll of poison {unknown}
 f - a scroll of blinking {unknown}
 g - 3 scrolls of enchant weapon {unknown}
 h - 2 scrolls of vulnerability {unknown}
 i - a scroll of enchant armour {unknown}
 k - 4 scrolls of teleportation {unknown}
 m - 2 scrolls of amnesia {unknown}
 r - a scroll of noise {unknown}
 t - a scroll of brand weapon {unknown}
Potions
 o - a potion of degeneration {unknown}
 p - a potion of magic {unknown}
 q - a potion of haste {unknown}
 u - a potion of curing
 v - a potion of resistance {unknown}
 w - a potion of might {unknown}
 z - a potion of lignification {unknown}


   Skills:
 - Level 3.0 Fighting
 - Level 3.0 Maces & Flails
 + Level 4.5 Spellcasting
 + Level 5.8 Fire Magic


You had 9 spell levels left.
You knew the following spells:

 Your Spells              Type           Power      Damage    Failure   Level
a - Scorch                Fire           66%        2d7       2%          2
b - Olgreb's Toxic Radia  Pois           3%         N/A       85%         4

Your spell library contained the following spells:

 Spells                   Type           Power      Damage    Failure   Level
 Foxfire                  Conj/Fire      76%        2x1d7     4%          1
 Freeze                   Ice            12%        1d3       16%         1
 Shock                    Conj/Air       12%        1d3       16%         1
 Sting                    Tmut/Pois      12%        1d3       16%         1
 Ensorcelled Hibernation  Hex/Ice        6%         N/A       24%         2
 Passwall                 Tmut/Erth      2%         N/A       24%         2
 Poisonous Vapours        Pois/Air       6%         N/A       24%         2
 Frozen Ramparts          Ice            6%         1d1       43%         3
 Hailstorm                Conj/Ice       3%         3d3       43%         3
 Portal Projectile        Hex/Tloc       6%         N/A       43%         3
 Swiftness                Air            3%         N/A       43%         3
 Tukima's Dance           Hex            3%         N/A       43%         3
 Airstrike                Air            1%         2d(1-17)  85%         4
 Ice Form                 Ice/Tmut       3%         N/A       85%         4
 Summon Ice Beast         Ice/Summ       3%         N/A       85%         4
 Blade Hands              Tmut           1%         N/A       99%         5


Dungeon Overview and Level Annotations

Branches:
Dungeon (5/15)
 Temple: D:4-7

Altars:
Vehumet
Xom


Innate Abilities, Weirdness & Mutations

Your serpentine skin is tough. (AC +2)
You have supernaturally acute eyesight. (SInv)
Armour fits poorly on your strangely shaped body.
Your system is resistant to poisons. (rPois)
You cover ground very slowly.
You can spit poison.
You have a snake-like lower body.


Message History

Beogh smites you!
* * * LOW HITPOINT WARNING * * *
It was a potion of curing.
You feel better. The orc hits you with a +0 club.
The orc priest invokes the aid of Beogh against you.
Pain shoots through your body!
The orc priest hits you with a +0 falchion.
* * * LOW HITPOINT WARNING * * *
Casting: Scorch (safe; 2% risk of failure)
Press: ? - help, Q - select action, (/) - cycle Dir - look around, f - activate You feel a surge of power!
Flames lash the orc priest.
The orc priest is severely wounded.
The orc priest's fire resistance burns away.
The orc hits you but does no damage.
The orc priest invokes the aid of Beogh against you.
Pain shoots through your body!
* * * LOW HITPOINT WARNING * * *
The orc priest hits you with a +0 falchion.
* * * LOW HITPOINT WARNING * * *
Unknown command.
Casting: Scorch (safe; 2% risk of failure)
Press: ? - help, Q - select action, (/) - cycle Dir - look around, f - activate You feel a surge of power!
Flames lash the orc.
The orc is severely wounded.
The orc's fire resistance burns away.
The orc priest is no longer more vulnerable to fire.
The orc hits you with a +0 club.
* * * LOW HITPOINT WARNING * * *
The orc priest closely misses you.
The orc priest calls upon Beogh to heal the orc.
The orc's wounds heal themselves!
Unknown command.
Casting: Scorch (safe; 2% risk of failure)
Press: ? - help, Q - select action, (/) - cycle Dir - look around, f - activate You feel a surge of power!
Flames lash the orc priest.
The orc priest is burned terribly!
You kill the orc priest!
The orc hits you with a +0 club.
* * * LOW HITPOINT WARNING * * *
The scorpion stings you.
You die...

###### .. #....#
... #....#
###..## #....#
#.....# #....#
#.#.#.#.#
#....#####'#...>
#....'.##...)#
#....#.##)oos#
#.####.##..@.#
#.# #.......#
#.# #.#.#'###
#.# #.#...#
#.##########
#....###
########....#
#..†...'....#
#.####.#.....#


You could see a scorpion, an orc priest and an orc (combustible).

Vanquished Creatures
  A jelly (D:4)
  A hound (D:5)
  3 orc priests
  6 orc wizards
  2 iguanas (D:4)
  6 adders
  A worm (D:2)
  8 orcs
  4 ball pythons
  3 endoplasms
  5 giant cockroaches
  10 goblins
  6 hobgoblins
  6 kobolds
  5 quokkas
  3 bats
  5 frilled lizards (D:2)
  4 rats
79 creatures vanquished.

Vanquished Creatures (others)
  A butterfly (D:5)
  2 plants (D:1)
3 creatures vanquished.

Grand Total: 82 creatures vanquished

Notes
Turn   | Place    | Note
-------+----------+-------------------------------------------
     0 | D:1      | BubbleThief the Naga Cinder Acolyte began the quest for the
                  | Orb.
     0 | D:1      | Reached XP level 1. HP: 21/21 MP: 2/2
   233 | D:1      | Reached XP level 2. HP: 28/28 MP: 4/4
   262 | D:1      | Found a faded altar of an unknown god.
   269 | D:1      | Got Plato's Folio of Fulmination
   752 | D:2      | Found the Hermit's Pendant {Faith Invo=14 Evo=0 MP+5}
   783 | D:2      | Learned a level 2 spell: Scorch
   917 | D:2      | Reached XP level 3. HP: 34/34 MP: 11/11
  1460 | D:2      | Reached skill level 4 in Fire Magic
  1460 | D:2      | Reached XP level 4. HP: 10/42 MP: 13/13
  1605 | D:3      | Reached XP level 5. HP: 40/49 MP: 14/14
  1981 | D:3      | Learned a level 4 spell: Olgreb's Toxic Radiance
  2301 | D:4      | Found a radiant altar of Vehumet.
  2301 | D:4      | Found a shimmering altar of Xom.
  2443 | D:4      | Reached skill level 5 in Fire Magic
  2628 | D:4      | Reached XP level 6. HP: 56/56 MP: 16/16
  3152 | D:5      | Entered Level 5 of the Dungeon
  3376 | D:5      | Reached XP level 7. HP: 62/62 MP: 17/17
  3386 | D:5      | HP: 3/62 [orc/+0 club (1)]
  3386 | D:5      | Slain by a scorpion

Illustrated notes

Levels and vault maps discovered:
D:1:      matt_arrival_diagonals, layout_loops_ring,
          shapermc_ecumenical_altar_rom_forum
D:2:      layout_rooms
D:3:      layout_loops_cross, minmay_statues_item, corexii_shack,
          minmay_misc_feat_plants
D:4:      layout_loops_ring, chequers_temple_overflow_statue_of_worship
D:5:      layout_basic, nicolae_elyvilon_peaceful_grove,
          nicolae_nh_ransacked_shop

Skill      XL: |  1  2  3  4  5  6 |
---------------+-------------------+-----
Spellcasting   | 2 3 4 |  4.5
Fire Magic     | 4 5 |  5.8
Fighting       | |  3.0
Maces & Flails | |  3.0

Action                     |  1- 3 |  4- 6 |  7- 9 || total
---------------------------+-------+-------+-------++-------
  Melee: Mace              |    35 |       |     1 ||    36
   Cast: Scorch            |    22 |    63 |     7 ||    92
Ability: Spit Poison       |    18 |       |       ||    18
    Use: Potion            |       |       |     1 ||     1
 Armour: Robe              |     7 |     4 |     1 ||    12
  Dodge: Dodged            |    20 |    15 |     3 ||    38

Table legend: (Time is in decaauts)
 A = Elapsed time spent in this place.
 B = Non-inter-level travel time spent in this place.
 C = Inter-level travel time spent in this place.
 D = Time resting spent in this place.
 E = Time spent auto-exploring this place.
 F = Levels seen in this place.
 G = Mean time per level.
                   A        B        C        D        E       F      G
               +--------+--------+--------+--------+--------+-----+--------+
         Total |   4249 |   4088 |    161 |    126 |   3487 |   5 |  849.8 |
       Dungeon |   4249 |   4088 |    161 |    126 |   3487 |   5 |  849.8 |
               +--------+--------+--------+--------+--------+-----+--------+

Top non-repeatable levels by time:
     D:4: 1183 daAuts
     D:2: 987 daAuts
     D:1: 967 daAuts
     D:3: 888 daAuts
     D:5: 222 daAuts
